 Dungeon Crawl Stone Soup version 0.31-a0-83-gbff143cfd1 (webtiles) character file.

Game seed: 17408312999928284334

7522 dohliylev the Grappler (level 10, 0/91 HPs)
             Began as a Troll Warper on May 24, 2023.
             Was a Follower of the Shining One.
             Succumbed to an orc warrior's poison
             ... on level 10 of the Dungeon.
             The game lasted 00:23:02 (8313 turns).

dohliylev the Grappler (Troll Warper)               Turns: 8313, Time: 00:23:03

Health: 0/91       AC: 15    Str: 25    XL:     10   Next: 95%
Magic:  11/11      EV: 10    Int:  9    God:    the Shining One [*.....]
Gold:   453        SH:  5    Dex:  9    Spells: 8/12 levels left

rFire   . .          .
                       - Unarmed
rCold   . . .        (no shield)
rNeg    . . .        A - +0 acid dragon scales
rPois   .            (helmet restricted)
rElec   .            x - +1 cloak
rCorr   +            (gloves unavailable)
SInv    .            (boots unavailable)
Will    .....        y - amulet of reflection
Stlth   +            g - +4 ring of protection
HPRegen 1.15/turn    w - +4 ring of slaying
MPRegen 0.12/turn

%: reflection
@: lethally poisoned (0 -> -5), glowing
A: large, unfitting armour, claws 3, regeneration 1, shaggy fur 1, tough skin 1
a: Renounce Religion, Divine Shield


You were on level 10 of the Dungeon.
You worshipped the Shining One.
The Shining One was aware of your devotion.
You visited 1 branch of the dungeon, and saw 10 of its levels.

You collected 453 gold pieces.

Inventory:

Missiles
 c - a boomerang of dispersal (quivered)
 r - 4 boomerangs
 u - 16 poisoned darts
Armour
 x - a +1 cloak (worn)
 A - +0 acid dragon scales (worn)
Jewellery
 g - a +4 ring of protection (left claw)
 p - a ring of fire
 w - a +4 ring of slaying (right claw)
 y - an amulet of reflection (around neck)
 C - a ring of protection from fire
 K - a ring of ice
Wands
 m - a wand of polymorph (14)
 n - a wand of roots (17)
 t - a wand of mindburst (17)
 E - a wand of charming (7)
Scrolls
 a - a scroll of silence
 b - a scroll of blinking
 d - 2 scrolls of poison
 h - 4 scrolls of identify
 j - 6 scrolls of enchant armour
 k - 12 scrolls of teleportation
 o - 2 scrolls of magic mapping
 B - a scroll of fear {unknown}
 G - a scroll of amnesia {unknown}
 H - a scroll of vulnerability {unknown}
 I - a scroll of immolation {unknown}
Potions
 e - 2 potions of brilliance {unknown}
 f - 6 potions of curing {unknown}
 i - a potion of attraction {unknown}
 l - 2 potions of invisibility {unknown}
 q - 2 potions of ambrosia {unknown}
 s - 2 potions of heal wounds {unknown}
 v - a potion of haste {unknown}
 z - a potion of enlightenment {unknown}
 D - a potion of might {unknown}
 F - a potion of degeneration {unknown}
 J - a potion of magic {unknown}
 L - a potion of lignification {unknown}


   Skills:
 + Level 3.2 Fighting
 + Level 6.2 Throwing
 + Level 4.4 Armour
 + Level 5.4 Dodging
 + Level 2.2 Shields
 + Level 12.2 Unarmed Combat
 + Level 1.5 Spellcasting
 + Level 2.7 Translocations


You had 8 spell levels left.
You knew the following spells:

 Your Spells              Type           Power      Damage    Failure   Level
a - Blink                 Tloc           10%        N/A       22%         2
b - Lesser Beckoning      Tloc           10%        N/A       22%         2

Your spell library contained the following spells:

 Spells                   Type           Power      Damage    Failure   Level
 Teleport Other           Tloc           5%         N/A       38%         3
 Poisonous Vapours        Pois/Air       0%         N/A       56%         2
 Vhi's Electric Charge    Tloc/Air       4%         N/A       63%         3
 Tukima's Dance           Hex            0%         N/A       78%         3
 Summon Guardian Golem    Hex/Summ       0%         N/A       80%         3
 Manifold Assault         Tloc           5%         N/A       80%         4
 Passage of Golubria      Tloc           5%         N/A       80%         4
 Mephitic Cloud           Conj/Pois/Air  0%         N/A       82%         3
 Freezing Cloud           Conj/Ice/Air   0%         6-21      100%        5
 Yara's Violent Unravell  Hex/Tmut       0%         3d3       100%        5
 Orb of Destruction       Conj           0%         9d5       100%        7
 Spellforged Servitor     Conj/Summ      0%         N/A       100%        7


Dungeon Overview and Level Annotations

Branches:
Dungeon (10/15)            Temple (0/1) D:7            Lair (0/5) D:9
    Orc: D:9-12

Altars:
Cheibriados
Hepliaklqana
Kikubaaqudgha
Makhleb
Nemelex Xobeh
Qazlal
Sif Muna
Vehumet
Yredelemnul
The Shining One

Shops:
D:9 ((:::

Annotations:
D:10 1 runed translucent door


Innate Abilities, Weirdness & Mutations

You are too large for most types of armour.
You have claws for hands.
Your natural rate of healing is unusually fast.
You are covered in fur. (AC +1)
You have tough skin. (AC +1)


Message History

The orc warrior hits you with a +0 long sword.
You claw the orc warrior!
The orc warrior is almost dead.
The orc warrior hits you from afar with a +2 glaive of venom.
You are poisoned.
You scratch the orc warrior.
You kill the orc warrior!
You feel sick.
The orc warrior hits you from afar with a +2 glaive of venom.
You are more poisoned.
You feel very sick.
You feel very sick.
You feel very sick.
You feel sick.
You feel sick.
You feel sick.
Throw: 2 boomerangs (disperse)
Press: ? - help, Q - select action, (/) - cycle Shift-Dir - straight line, f - orc warrior
Aim: an orc warrior, wielding a +2 glaive of venom and wearing a +0 plate armour (haloed, 81% to hit)
You throw a boomerang of dispersal.
The boomerang of dispersal hits the orc warrior and shatters for extra damage!!
The orc warrior blinks!
The orc warrior is almost dead.
You feel sick.
The gargoyle hurls a stone arrow at you.
The stone arrow hits you!
* * * LOW HITPOINT WARNING * * *
You feel sick. You block the orc warrior's attack.
You feel sick.
The gargoyle hurls a stone arrow at you.
The stone arrow hits you!
* * * LOW HITPOINT WARNING * * *
The orc warrior hits you with a +2 glaive of venom.
* * * LOW HITPOINT WARNING * * *
You are lethally poisoned!
You mangle the orc warrior!!
You kill the orc warrior!
* * * LOW HITPOINT WARNING * * *
You feel very sick.
You die...

#.... #...
#.... #...
#..#. #..#
#..##. #..#
#.#... #..##
#. ... ...
########.##..
#.#
.........#...
#@##
#...........
#..#
#...........
#..#
#........#..
#..#
#........#..
#..#
#...........
##9#
#.........o.
#o##
##.#.o......
#o.#
##...###..[.
##o###....#
#....


You could see a gargoyle and 2 orcs.

Vanquished Creatures
  A two-headed ogre (D:8)
  3 death yaks (D:9)
  Pikel (D:4)
  An ice statue (D:9)
  A troll (D:10)
  Grinder (D:6)
  2 vampires
  4 yaks (D:9)
  A water moccasin (D:7)
  An acid dragon (D:5)
  5 orc warriors
  2 black bears
  An ogre (D:5)
  2 lemures (D:4)
  2 centaurs
  3 kobold brigands (D:9)
  A bullfrog (D:9)
  3 scorpions
  6 wights (D:8)
  4 killer bees (D:9)
  7 howler monkeys
  2 orc priests
  A jelly (D:6)
  3 hounds
  Crazy Yiuf (D:2)
  2 sleepcaps
  A hell rat (D:9)
  3 iguanas
  7 orc wizards
  A mummy (D:5)
  Robin (D:2)
  8 gnolls
  7 adders
  A river rat (D:9)
  A white imp (D:8)
  4 dart slugs
  36 orcs
  4 ball pythons
  5 endoplasms
  A giant cockroach (D:4)
  23 goblins
  19 hobgoblins
  2 jackals (D:3)
  30 kobolds
  8 quokkas
  5 bats
  3 frilled lizards
  6 rats
237 creatures vanquished.

Notes
Turn   | Place    | Note
-------+----------+-------------------------------------------
     0 | D:1      | dohliylev the Troll Warper began the quest for the Orb.
     0 | D:1      | Reached XP level 1. HP: 19/19 MP: 1/1
   247 | D:1      | Reached XP level 2. HP: 27/27 MP: 3/3
   669 | D:1      | Reached XP level 3. HP: 35/35 MP: 4/4
   834 | D:1      | Learned a level 2 spell: Blink
   837 | D:1      | Learned a level 2 spell: Lesser Beckoning
  1059 | D:2      | Noticed Robin
  1074 | D:2      | Killed Robin
  1131 | D:2      | Reached XP level 4. HP: 40/42 MP: 5/5
  1176 | D:2      | Reached skill level 1 in Throwing
  1176 | D:2      | Reached skill level 3 in Unarmed Combat
  1501 | D:2      | Found a runed translucent door.
  1502 | D:2      | Noticed Crazy Yiuf
  1511 | D:2      | Killed Crazy Yiuf
  2060 | D:3      | Reached XP level 5. HP: 47/49 MP: 6/6
  2081 | D:3      | Found a basalt altar of Yredelemnul.
  2162 | D:3      | Found a hazy altar of Hepliaklqana.
  2459 | D:4      | Found a glowing golden altar of the Shining One.
  2466 | D:4      | Became a worshipper of the Shining One
  2582 | D:4      | Noticed a lemure
  2594 | D:4      | Noticed a lemure
  2608 | D:4      | Killed a lemure
  2614 | D:4      | Noticed Pikel
  2621 | D:4      | Killed a lemure
  2622 | D:4      | Noticed a lemure
  2622 | D:4      | Noticed a lemure
  2634 | D:4      | Killed Pikel
  2635 | D:4      | Reached skill level 5 in Unarmed Combat
  2635 | D:4      | Reached XP level 6. HP: 7/57 MP: 7/7
  2635 | D:4      | Reached XP level 7. HP: 8/65 MP: 8/8
  2928 | D:4      | Found a sparkling altar of Nemelex Xobeh.
  3455 | D:5      | Entered Level 5 of the Dungeon
  3491 | D:5      | Reached skill level 6 in Unarmed Combat
  3596 | D:5      | Reached XP level 8. HP: 74/74 MP: 9/9
  4155 | D:5      | Found a snail-covered altar of Cheibriados.
  4317 | D:5      | Reached skill level 7 in Unarmed Combat
  4435 | D:5      | Reached skill level 1 in Armour
  5107 | D:6      | Noticed Grinder
  5128 | D:6      | Killed Grinder
  5177 | D:6      | Identified the +9 flail "Weyklium" {vamp, rF+ Str+2 Int-5
                  | Dex+5}
  5457 | D:6      | Found a shimmering blue altar of Sif Muna.
  5941 | D:7      | Found a staircase to the Ecumenical Temple.
  6153 | D:7      | Reached XP level 9. HP: 80/80 MP: 10/10
  6228 | D:7      | Reached skill level 8 in Unarmed Combat
  6731 | D:8      | Found a radiant altar of Vehumet.
  6764 | D:8      | Reached skill level 1 in Shields
  6766 | D:8      | Reached skill level 5 in Throwing
  6883 | D:8      | Reached * piety under the Shining One
  6916 | D:8      | Reached skill level 9 in Unarmed Combat
  6953 | D:8      | Noticed a two-headed ogre
  6964 | D:8      | Killed a two-headed ogre
  7082 | D:8      | Found an ancient bone altar of Kikubaaqudgha.
  7319 | D:9      | Found Nughak's Book Boutique.
  7319 | D:9      | Found Plog's Book Boutique.
  7324 | D:9      | Reached skill level 10 in Unarmed Combat
  7357 | D:9      | Noticed a death yak
  7363 | D:9      | Noticed a death yak
  7365 | D:9      | Noticed a death yak
  7388 | D:9      | Killed a death yak
  7389 | D:9      | Reached XP level 10. HP: 49/91 MP: 11/11
  7393 | D:9      | Killed a death yak
  7404 | D:9      | Killed a death yak
  7405 | D:9      | Reached skill level 5 in Dodging
  7405 | D:9      | Reached skill level 11 in Unarmed Combat
  7459 | D:9      | Found a staircase to the Lair.
  7794 | D:9      | Found Ucsao's Book Shop.
  7867 | D:9      | Noticed an ice statue
  7878 | D:9      | Killed an ice statue
  7945 | D:9      | Found Yhiduzxup's Weapon Shop.
  7988 | D:9      | Found a stormy altar of Qazlal.
  7994 | D:9      | Found Nifil's Weapon Shoppe.
  8184 | D:10     | Entered Level 10 of the Dungeon
  8239 | D:10     | Noticed a gargoyle
  8242 | D:10     | Reached skill level 12 in Unarmed Combat
  8274 | D:10     | Found a runed translucent door.
  8274 | D:10     | Found a burning altar of Makhleb.
  8274 | D:10     | Noticed a sixfirhy
  8311 | D:10     | HP: 4/91 [orc warrior/+2 glaive of venom (3)]
  8313 | D:10     | Succumbed to an orc warrior's poison

Illustrated notes

Levels and vault maps discovered:
D:1:      dpeg_arrival_orchard, layout_loops_corners
D:2:      layout_loops_ring, uniq_robin, uniq_crazy_yiuf_cottage
D:3:      layout_rooms, mainiacjoe_overflow_catch_the_wave,
          hangedman_decor_clover_reticule
D:4:      layout_loops_corners, old_standard_altar, nemelex_spade_bored_becter,
          minmay_door_square, uniq_pikel
D:5:      corexii_shantytown, layout_basic, slow_altar_2, water_boxes_lemuel
D:6:      layout_basic, nicolae_sif_muna_little_library, uniq_grinder
D:7:      layout_loops_ring, minmay_temple_entry_hall, corexii_leaking_fountain,
          minmay_a_box_with_orc_wizards_in_it
D:8:      layout_gridville, nicolae_overflow_crystal_walls,
          nicolae_kikubaaqudgha_miasma_corner, nicolae_kite_square_tiling_tiny,
          chequers_serial_rivers_marsh
D:9:      layout_roguey, mainiacjoe_overflow_catwalk, dpeg_lair_monsters,
          serial_shops, nicolae_shop_trees, nicolae_shop_tiny_waterfront,
          nicolae_shop_rolling_square, nicolae_shop_tiny_statue_garden,
          nicolae_book_shop_shelving, minivault_16
D:10:     layout_rooms, mainiacjoe_overflow_paths, nzn_makhleb_speed_demon,
          nicolae_gozag_seed_capital, david_orc_2

Skill      XL: |  1  2  3  4  5  6  7  8  9 10 |
---------------+-------------------------------+-----
Dodging        | 2 3 4 5 |  5.4
Throwing       | 1 3 4 5 6 |  6.2
Unarmed Combat | 3 5 6 7 10 12 | 12.2
Fighting       | 2 3 |  3.2
Armour         | 3 4 |  4.4
Shields        | 1 2 |  2.2
Spellcasting   | |  1.5
Translocations | |  2.7

Action                     |  1- 3 |  4- 6 |  7- 9 | 10-12 || total
---------------------------+-------+-------+-------+-------++-------
  Melee: Unarmed           |   124 |   132 |   281 |    98 ||   635
         Punch             |     4 |     1 |    10 |     7 ||    22
  Throw: Dart              |     3 |    30 |    45 |       ||    78
         Boomerang         |       |     3 |    12 |     1 ||    16
   Cast: Lesser Beckoning  |     2 |       |       |       ||     2
         Blink             |       |       |     1 |     2 ||     3
    Use: Scroll            |       |       |     8 |       ||     8
   Stab: Sleeping          |       |     1 |       |       ||     1
 Armour: Robe              |    61 |    41 |    17 |       ||   119
         Acid dragon scale |       |       |    91 |    41 ||   132
  Dodge: Dodged            |    65 |    59 |    98 |    35 ||   257
  Block: Other             |       |       |    41 |    17 ||    58
         Reflection        |       |       |       |     2 ||     2

Table legend: (Time is in decaauts)
 A = Elapsed time spent in this place.
 B = Non-inter-level travel time spent in this place.
 C = Inter-level travel time spent in this place.
 D = Time resting spent in this place.
 E = Time spent auto-exploring this place.
 F = Levels seen in this place.
 G = Mean time per level.
                   A        B        C        D        E       F      G
               +--------+--------+--------+--------+--------+-----+--------+
         Total |   8232 |   7900 |    332 |    611 |   5379 |  10 |  823.2 |
       Dungeon |   8232 |   7900 |    332 |    611 |   5379 |  10 |  823.2 |
               +--------+--------+--------+--------+--------+-----+--------+

Top non-repeatable levels by time:
     D:5: 1514 daAuts
     D:4: 1027 daAuts
     D:1: 971 daAuts
     D:2: 917 daAuts
     D:6: 900 daAuts
     D:9: 849 daAuts
     D:7: 758 daAuts
     D:8: 642 daAuts
     D:3: 523 daAuts
    D:10: 125 daAuts
